[ AOE2 MATCH · #457593765 ]
UnrankedBengalis vs Inca
Player's team · WIN
Rival team · LOSS
[ REPLAY ANALYSIS · EXTRACTED FROM THE RECORDED GAME ]
Feudal
8:51
Castle
24:15
Imperial
38:50
| APM avg | 67.3 |
| APM peak | 92 |
| eAPM avg | 37.2 |
| Villagers / military | 142 / 197 |
Focus
⚔️ 44.3% · 🌾 55.7%
Ratha (Ranged) ×90 · Scout Cavalry ×77 · Trebuchet (Packed) ×10 · Skirmisher ×9 · Archer ×8 · Mangonel ×3
Feudal
12:17
Castle
23:50
Imperial
45:51
| APM avg | 68.7 |
| APM peak | 108 |
| eAPM avg | 31.6 |
| Villagers / military | 158 / 192 |
Focus
⚔️ 44.8% · 🌾 55.2%
Skirmisher ×118 · Unknown (2550) ×70 · Kamayuk ×52 · Monk ×9 · Petard ×9 · Archer ×2
Match map
Initial resources + every placement click. Lines = walls · curves = elevation contours. ◆ gold · ⬟ stone · ● berries · ✦ relic · ◌ wall gap
Your base· Open — 3t gap
CC's base· ✓ Closed at 23:50 · 51t walls · 2 gate(s)
Smoothed initial terrain · ◌ = detected wall gap · hover for details
Inputs per minute
— 北顾 - - CC
Build order — 北顾
First 150 of 603 actions detected
| 0:00 | Create | Villager (Male) ×4 |
| 0:01 | Build | House |
| 0:02 | Build | House |
| 1:22 | Create | Villager (Male) |
| 1:57 | Create | Villager (Male) |
| 2:19 | Build | Lumber Camp |
| 2:24 | Create | Villager (Male) |
| 2:48 | Create | Villager (Male) |
| 2:49 | Create | Villager (Male) |
| 3:28 | Create | Villager (Male) |
| 3:49 | Build | House |
| 4:01 | Create | Villager (Male) |
| 4:36 | Create | Villager (Male) |
| 4:37 | Build | Mill |
| 4:40 | Create | Villager (Male) |
| 5:19 | Create | Villager (Male) |
| 5:38 | Create | Villager (Male) |
| 5:57 | Research | Loom |
| 6:32 | Research | Feudal Age |
| 6:44 | Build | Palisade Gate |
| 7:17 | Create | Villager (Male) |
| 7:28 | Build | Barracks |
| 7:29 | Build | House |
| 7:55 | Build | Palisade Gate |
| 7:56 | Build | Palisade Wall |
| 8:51 | Age | Feudal Age |
| 8:51 | Build | Palisade Wall |
| 8:52 | Build | Palisade Wall |
| 9:01 | Build | House |
| 9:03 | Build | House |
| 9:06 | Build | Archery Range |
| 9:09 | Create | Villager (Male) |
| 9:11 | Research | Double-Bit Axe |
| 9:15 | Build | Palisade Wall |
| 9:16 | Build | Palisade Wall |
| 9:32 | Create | Villager (Male) |
| 9:37 | Build | Palisade Wall |
| 9:38 | Build | Palisade Wall |
| 9:38 | Build | Palisade Wall |
| 9:53 | Create | Archer |
| 9:55 | Create | Villager (Male) |
| 10:10 | Build | Mining Camp |
| 10:14 | Create | Villager (Male) |
| 10:20 | Create | Skirmisher |
| 10:26 | Research | Horse Collar |
| 10:37 | Create | Villager (Male) |
| 10:39 | Build | Palisade Wall |
| 10:40 | Build | Palisade Wall |
| 10:42 | Build | Palisade Wall |
| 10:45 | Build | Palisade Wall |
| 10:47 | Create | Villager (Male) |
| 10:58 | Build | Palisade Wall |
| 11:00 | Build | Farm |
| 11:02 | Build | Farm |
| 11:15 | Build | Farm |
| 11:17 | Create | Archer |
| 11:21 | Build | Farm |
| 11:23 | Build | Farm |
| 11:33 | Create | Villager (Male) |
| 11:36 | Build | House |
| 11:47 | Create | Archer |
| 11:57 | Create | Villager (Male) |
| 12:18 | Build | Blacksmith |
| 12:29 | Create | Villager (Male) |
| 12:46 | Build | Farm |
| 12:47 | Build | Farm |
| 12:53 | Create | Villager (Male) |
| 13:01 | Research | Fletching |
| 13:13 | Build | Farm |
| 13:14 | Create | Villager (Male) |
| 13:19 | Build | Farm |
| 13:30 | Create | Villager (Male) |
| 13:52 | Create | Villager (Male) |
| 14:00 | Create | Archer |
| 14:15 | Build | Archery Range |
| 14:31 | Build | Market |
| 14:33 | Create | Villager (Male) |
| 14:37 | Build | House |
| 14:43 | Build | Palisade Wall |
| 14:52 | Create | Villager (Male) |
| 14:54 | Create | Archer |
| 15:04 | Build | House |
| 15:12 | Build | Palisade Wall |
| 15:16 | Create | Archer |
| 15:16 | Create | Archer |
| 15:18 | Create | Villager (Male) |
| 15:26 | Build | Mining Camp |
| 15:33 | Create | Villager (Male) |
| 15:44 | Build | Watch Tower |
| 15:45 | Create | Villager (Male) |
| 15:54 | Create | Archer |
| 16:28 | Build | Farm |
| 16:30 | Build | Farm |
| 16:45 | Build | Watch Tower |
| 16:49 | Build | Stone Wall |
| 16:52 | Build | Stone Wall |
| 16:53 | Create | Villager (Male) |
| 16:56 | Create | Skirmisher |
| 16:56 | Create | Skirmisher |
| 16:56 | Create | Villager (Male) |
| 17:00 | Create | Villager (Male) |
| 17:06 | Build | Farm |
| 17:20 | Create | Skirmisher |
| 17:20 | Create | Skirmisher |
| 17:38 | Build | Lumber Camp |
| 17:51 | Create | Skirmisher |
| 17:51 | Create | Skirmisher |
| 17:54 | Build | House |
| 17:55 | Create | Villager (Male) |
| 17:58 | Build | Watch Tower |
| 18:09 | Build | Lumber Camp |
| 18:42 | Create | Skirmisher |
| 18:44 | Create | Villager (Male) |
| 18:57 | Create | Skirmisher |
| 19:21 | Create | Villager (Male) |
| 19:21 | Create | Villager (Male) |
| 19:55 | Build | House |
| 20:02 | Create | Villager (Male) |
| 20:06 | Build | Farm |
| 20:07 | Build | Farm |
| 20:07 | Build | Farm |
| 20:07 | Build | Farm |
| 20:28 | Build | Farm |
| 20:30 | Build | Farm |
| 20:34 | Create | Villager (Male) |
| 20:44 | Build | Mining Camp |
| 20:52 | Build | Farm |
| 20:53 | Build | Farm |
| 20:54 | Create | Villager (Male) |
| 21:35 | Research | Castle Age |
| 21:48 | Create | Villager (Male) |
| 21:52 | Build | House |
| 21:53 | Build | House |
| 22:45 | Research | Wheelbarrow |
| 22:51 | Research | Gold Mining |
| 22:59 | Build | Lumber Camp |
| 24:15 | Age | Castle Age |
| 24:21 | Build | Castle |
| 24:30 | Research | Bow Saw |
| 24:37 | Build | Town Center |
| 24:44 | Build | Palisade Wall |
| 24:45 | Build | Palisade Wall |
| 24:46 | Build | Palisade Wall |
| 24:47 | Build | Palisade Wall |
| 25:08 | Create | Ratha (Ranged) |
| 25:20 | Create | Villager (Male) |
| 25:24 | Build | Town Center |
| 25:34 | Build | Stone Wall |
| 25:35 | Build | Stone Wall |
| 25:38 | Create | Ratha (Ranged) |
Build order — CC
First 150 of 607 actions detected
| 0:00 | Create | Villager (Male) |
| 0:00 | Create | Villager (Male) |
| 0:01 | Create | Villager (Male) |
| 0:02 | Build | House |
| 0:03 | Build | House |
| 0:12 | Create | Villager (Male) |
| 1:30 | Create | Villager (Male) |
| 1:30 | Create | Villager (Male) |
| 1:38 | Build | Settlement |
| 1:46 | Create | Villager (Male) |
| 2:10 | Create | Villager (Male) |
| 2:47 | Create | Villager (Male) |
| 3:08 | Create | Villager (Male) |
| 3:08 | Create | Villager (Male) |
| 3:30 | Create | Villager (Male) |
| 4:01 | Create | Villager (Male) |
| 4:41 | Create | Villager (Male) |
| 4:42 | Create | Villager (Male) |
| 4:49 | Build | Barracks |
| 4:54 | Create | Villager (Male) |
| 5:16 | Create | Villager (Male) |
| 5:44 | Create | Unit 2550 |
| 5:45 | Create | Unit 2550 |
| 5:57 | Build | Settlement |
| 6:20 | Create | Villager (Male) |
| 6:28 | Create | Unit 2550 |
| 6:47 | Create | Villager (Male) |
| 6:56 | Create | Villager (Male) |
| 6:59 | Build | Farm |
| 7:15 | Create | Villager (Male) |
| 7:48 | Create | Villager (Male) |
| 7:51 | Build | Farm |
| 8:02 | Create | Villager (Male) |
| 8:19 | Create | Villager (Male) |
| 8:26 | Build | Farm |
| 8:48 | Create | Villager (Male) |
| 9:17 | Research | Loom |
| 9:54 | Research | Feudal Age |
| 9:54 | Research | Feudal Age |
| 10:15 | Build | Barracks |
| 10:15 | Create | Unit 2550 |
| 10:18 | Create | Unit 2550 |
| 11:00 | Create | Unit 2550 |
| 11:00 | Create | Unit 2550 |
| 11:10 | Create | Unit 2550 |
| 11:17 | Create | Unit 2550 |
| 11:31 | Build | House |
| 11:36 | Create | Unit 2550 |
| 11:46 | Create | Unit 2550 |
| 11:46 | Create | Unit 2550 |
| 11:54 | Create | Villager (Male) |
| 12:17 | Age | Feudal Age |
| 12:20 | Build | Blacksmith |
| 12:22 | Build | Archery Range |
| 12:30 | Research | Arson |
| 12:37 | Create | Unit 2550 |
| 12:40 | Create | Villager (Male) |
| 12:42 | Research | Double-Bit Axe |
| 12:45 | Create | Villager (Male) |
| 12:50 | Create | Unit 2550 |
| 12:55 | Research | Scale Mail Armor |
| 13:00 | Build | House |
| 13:01 | Build | House |
| 13:05 | Build | House |
| 13:43 | Create | Villager (Male) |
| 13:49 | Create | Unit 2550 |
| 13:50 | Create | Unit 2550 |
| 13:51 | Create | Skirmisher |
| 13:51 | Create | Skirmisher |
| 14:01 | Build | Farm |
| 14:02 | Build | Farm |
| 14:03 | Build | Farm |
| 14:04 | Build | Farm |
| 14:13 | Create | Villager (Male) |
| 14:13 | Create | Villager (Male) |
| 14:16 | Build | Farm |
| 14:27 | Build | Farm |
| 14:40 | Build | Farm |
| 14:40 | Build | Farm |
| 14:45 | Create | Villager (Male) |
| 15:01 | Build | Farm |
| 15:04 | Create | Skirmisher |
| 15:20 | Research | Fletching |
| 15:22 | Create | Skirmisher |
| 15:38 | Build | Farm |
| 15:40 | Build | Farm |
| 15:40 | Create | Villager (Male) |
| 15:44 | Build | Farm |
| 15:48 | Create | Skirmisher |
| 16:03 | Create | Villager (Male) |
| 16:05 | Build | Farm |
| 16:07 | Create | Skirmisher |
| 16:24 | Build | Farm |
| 16:26 | Build | Farm |
| 16:34 | Create | Villager (Male) |
| 16:38 | Research | Padded Archer Armor |
| 16:46 | Build | Farm |
| 16:47 | Build | Farm |
| 16:50 | Build | House |
| 16:51 | Create | Villager (Male) |
| 16:56 | Create | Skirmisher |
| 17:18 | Create | Villager (Male) |
| 17:20 | Create | Skirmisher |
| 17:28 | Create | Villager (Male) |
| 17:34 | Build | Farm |
| 17:39 | Build | Farm |
| 17:45 | Build | Palisade Wall |
| 17:51 | Build | Palisade Wall |
| 17:56 | Build | Palisade Wall |
| 17:57 | Build | Palisade Wall |
| 18:00 | Build | Palisade Wall |
| 18:05 | Research | Wheelbarrow |
| 18:09 | Build | Farm |
| 18:24 | Create | Skirmisher |
| 18:26 | Build | Watch Tower |
| 18:34 | Create | Skirmisher |
| 18:46 | Build | House |
| 18:48 | Build | Palisade Wall |
| 19:06 | Create | Villager (Male) |
| 19:21 | Create | Villager (Male) |
| 19:31 | Build | Palisade Wall |
| 19:34 | Build | House |
| 19:34 | Create | Villager (Male) |
| 19:47 | Build | House |
| 20:45 | Create | Villager (Male) |
| 20:49 | Build | Settlement |
| 21:04 | Build | Settlement |
| 21:08 | Research | Castle Age |
| 21:18 | Build | Palisade Wall |
| 21:21 | Build | Settlement |
| 21:30 | Build | Palisade Wall |
| 21:34 | Build | Palisade Gate |
| 21:35 | Build | Palisade Wall |
| 21:44 | Research | Tech 1402 |
| 21:53 | Create | Unit 2550 |
| 21:53 | Create | Unit 2550 |
| 21:56 | Create | Unit 2550 |
| 21:56 | Create | Unit 2550 |
| 22:08 | Build | House |
| 22:09 | Build | Palisade Wall |
| 22:14 | Research | Horse Collar |
| 22:21 | Create | Unit 2550 |
| 22:23 | Research | Forging |
| 22:36 | Create | Unit 2550 |
| 22:39 | Create | Unit 2550 |
| 22:56 | Build | Barracks |
| 22:57 | Create | Unit 2550 |
| 23:05 | Create | Skirmisher |
| 23:05 | Create | Skirmisher |
| 23:10 | Build | Palisade Gate |
Match timeline
| 4:49 | CC · first_building Barracks |
| 7:28 | 北顾 · first_building Barracks |
| 7:56 | 北顾 · wall_segment Palisade Wall x1 |
| 8:51 | 北顾 · age_up feudal |
| 8:51 | 北顾 · wall_segment Palisade Wall x1 |
| 8:52 | 北顾 · wall_segment Palisade Wall x1 |
| 9:06 | 北顾 · first_building Archery Range |
| 9:15 | 北顾 · wall_segment Palisade Wall x1 |
| 9:16 | 北顾 · wall_segment Palisade Wall x3 |
| 9:37 | 北顾 · wall_segment Palisade Wall x1 |
| 9:38 | 北顾 · wall_segment Palisade Wall x1 |
| 9:38 | 北顾 · wall_segment Palisade Wall x1 |
| 10:39 | 北顾 · wall_segment Palisade Wall x1 |
| 10:40 | 北顾 · wall_segment Palisade Wall x1 |
| 10:42 | 北顾 · wall_segment Palisade Wall x1 |
| 10:45 | 北顾 · wall_segment Palisade Wall x1 |
| 10:58 | 北顾 · wall_segment Palisade Wall x1 |
| 12:17 | CC · age_up feudal |
| 12:22 | CC · first_building Archery Range |
| 14:43 | 北顾 · wall_segment Palisade Wall x1 |
| 15:12 | 北顾 · wall_segment Palisade Wall x1 |
| 15:15 | 北顾 · first_market_sell 100 food |
| 16:49 | 北顾 · wall_segment Stone Wall x1 |
| 16:52 | 北顾 · wall_segment Stone Wall x1 |
| 17:45 | CC · wall_segment Palisade Wall x10 |
| 17:51 | CC · wall_segment Palisade Wall x11 |
| 17:56 | CC · wall_segment Palisade Wall x5 |
| 17:57 | CC · wall_segment Palisade Wall x10 |
| 18:00 | CC · wall_segment Palisade Wall x1 |
| 18:48 | CC · wall_segment Palisade Wall x1 |
| 19:31 | CC · wall_segment Palisade Wall x1 |
| 21:01 | 北顾 · first_market_buy 100 food |
| 21:18 | CC · wall_segment Palisade Wall x1 |
| 21:30 | CC · wall_segment Palisade Wall x6 |
| 21:35 | CC · wall_segment Palisade Wall x6 |
| 22:09 | CC · wall_segment Palisade Wall x1 |
| 23:50 | CC · age_up castle |
| 24:15 | 北顾 · age_up castle |
| 24:21 | 北顾 · first_building Castle |
| 24:44 | 北顾 · wall_segment Palisade Wall x1 |
| 24:45 | 北顾 · wall_segment Palisade Wall x1 |
| 24:46 | 北顾 · wall_segment Palisade Wall x1 |
| 24:47 | 北顾 · wall_segment Palisade Wall x1 |
| 25:22 | CC · first_building Monastery |
| 25:34 | 北顾 · wall_segment Stone Wall x1 |
| 25:35 | 北顾 · wall_segment Stone Wall x1 |
| 26:07 | CC · first_building Siege Workshop |
| 27:38 | 北顾 · first_building Stable |
| 31:08 | CC · wall_segment Palisade Wall x2 |
| 31:31 | CC · wall_segment Palisade Wall x1 |
| 33:47 | 北顾 · first_building Siege Workshop |
| 34:12 | CC · wall_segment Palisade Wall x1 |
| 38:50 | 北顾 · age_up imperial |
| 39:14 | CC · first_building Castle |
| 44:03 | CC · first_market_buy 100 food |
| 44:38 | CC · wall_segment Stone Wall x19 |
| 44:38 | CC · wall_segment Stone Wall x4 |
| 45:51 | CC · age_up imperial |
| 47:57 | 北顾 · first_building Monastery |
| 48:13 | CC · wall_segment Palisade Wall x1 |
| 49:23 | CC · resign |
[ AI ANALYSIS · 1 CREDIT ]
What really happened in this match?
Wolo.gg analyzes every decision: build order, eco, micro, common mistakes by bracket. Personalized analysis on WhatsApp or Discord in 30 seconds.
Civ guide
Bengalis
Map guide
Arabia
Perfil
Jugador #10507607